 Dungeon Crawl Stone Soup version 0.30-a0-1124-g6e8f0f562f (webtiles) character file.

Game seed: 17660580451683509270

56 dave1331 the Ducker (level 4, -2/34 HPs)
             Began as a Djinni Gladiator on Apr 24, 2023.
             Frozen to death by an endoplasm (6 damage)
             ... on level 3 of the Dungeon.
             The game lasted 00:05:01 (1548 turns).

dave1331 the Ducker (Djinni Gladiator)              Turns: 1548, Time: 00:05:02

Health: -2/34      AC:  4    Str: 13    XL:     4   Next: 17%
Gold:   78         EV: 13    Int: 10    God:
                   SH:  0    Dex: 16

rFire   + + .        f - +4 dagger
rCold   x . .        (no shield)
rNeg    . . .        a - +0 leather armour
rPois   ∞            b - +0 helmet
rElec   .            (no cloak)
rCorr   .            (no gloves)
SInv    .            (boots unavailable)
Will    .....        (no amulet)
Stlth   +            (no ring)
HPRegen 0.25/turn    (no ring)
MPRegen 0.00/turn

%: infuse magic (-3 HP)
@: flying
A: sickness immunity, fire resistance 2, cold vulnerability 1, float, innate
caster, HP casting, extra vitality 1
a: no special abilities


You were on level 3 of the Dungeon.
You visited 1 branch of the dungeon, and saw 3 of its levels.

You collected 78 gold pieces.

Inventory:

Hand Weapons
 f - a +4 dagger (weapon)
Missiles
 c - 2 throwing nets (quivered)
 d - a javelin
Armour
 a - a +0 leather armour (worn)
 b - a +0 helmet (worn)
Scrolls
 g - 2 scrolls of fear {unknown}
 i - 3 scrolls of identify {unknown}
 j - a scroll of teleportation {unknown}
Potions
 e - 2 potions of heal wounds {unknown}
 h - a potion of mutation {unknown}
 k - a potion of might {unknown}
 l - 4 potions of curing {unknown}
 m - a potion of attraction {unknown}


   Skills:
 + Level 2.5 Fighting
 + Level 2.1 Throwing
 + Level 3.9 Dodging
 + Level 3.4 Unarmed Combat


You knew the following spells:

 Your Spells              Type           Power      Damage    Failure   Level
a - Apportation           Tloc           0%         N/A       43%         1
Your spell library was empty.

Dungeon Overview and Level Annotations

Branches:
Dungeon (3/15)

Altars:


Innate Abilities, Weirdness & Mutations

You are immune to sickness and miasma.
You are immune to poison.
Your flesh is very heat resistant. (rF++)
You are vulnerable to cold. (rC-)
You float through the air rather than walking.
You learn spells naturally, not from books.
Your magical power is your life essence.
You have superior vitality. (+4 MHP)


Message History

An endoplasm comes into view.
The orc shouts!
The endoplasm quivers.
An endoplasm comes into view.
The hobgoblin throws a stone.
The stone barely misses you. The orc barely misses you.
You barely miss the orc.
The hobgoblin throws a stone.
The stone closely misses you. The orc hits you with a +4 war axe.
You hit the orc but do no damage. The orc hits you with a +4 war axe.
The endoplasm hits you but does no damage.
You hit the orc.
The orc is heavily wounded.
The hobgoblin misses you. The orc hits you with a +4 war axe.
The endoplasm freezes you.
You are frozen!
You feel a terrible chill!
You hit the orc.
The orc is severely wounded.
The endoplasm barely misses you.
The hobgoblin hits you but does no damage.
The orc hits you with a +4 war axe!
* * * LOW HITPOINT WARNING * * *
The endoplasm freezes you.
You are frozen.
* * * LOW HITPOINT WARNING * * *
The endoplasm attacks as you move away!
The endoplasm hits you but does no damage.
The endoplasm attacks as you move away! The endoplasm closely misses you.
The orc misses you. The endoplasm attacks as you move away!
The endoplasm barely misses you. The endoplasm attacks as you move away!
The endoplasm completely misses you. The endoplasm attacks as you move away!
The endoplasm misses you.
You barely miss the endoplasm. The endoplasm closely misses you.
You hit the endoplasm.
The endoplasm is moderately wounded.
The endoplasm freezes you.
You are frozen.
* * * LOW HITPOINT WARNING * * *
The endoplasm freezes you.
You are frozen.
You feel a terrible chill!
You die...

####### #. #.....####.
#.....##... # #.....##.#.
#$ #.....##.#. #.#+#
#.....##.#.
.####.#.#########.....##..<
.........J.................
.........J@................
####.#g###############...#
#.#.J...... #####
#..o......# #.........+
............#
...............
...............
...............


You could see 2 endoplasms and a hobgoblin.

Vanquished Creatures
  2 adders (D:2)
  A dart slug (D:1)
  5 bats
  5 endoplasms
  A giant cockroach (D:1)
  4 goblins
  4 hobgoblins
  3 kobolds
  A quokka (D:1)
  5 ball pythons
  3 rats
34 creatures vanquished.

Vanquished Creatures (others)
  A plant (D:1)
1 creature vanquished.

Grand Total: 35 creatures vanquished

Notes
Turn   | Place    | Note
-------+----------+-------------------------------------------
     0 | D:1      | dave1331 the Djinni Gladiator began the quest for the Orb.
     0 | D:1      | Reached XP level 1. HP: 18/18 MP: 0/0
   165 | D:1      | You are sucked into a shaft and drop 1 floor!
   177 | D:2      | Reached XP level 2. HP: 12/23 MP: 0/0
   379 | D:2      | Reached XP level 3. HP: 28/28 MP: 0/0
   379 | D:2      | Learned a level 1 spell: Apportation
  1063 | D:1      | Reached XP level 4. HP: 34/34 MP: 0/0
  1548 | D:3      | Frozen to death by an endoplasm

Illustrated notes

Levels and vault maps discovered:
D:1:      tarquinn_simple_flora_water_d, layout_loops_ring, serial_bayou_pond_c
D:2:      layout_rooms
D:3:      layout_basic

Skill      XL: |  1  2  3 |
---------------+----------+-----
Throwing       | 2 |  2.1
Fighting       | |  2.5
Dodging        | |  3.9
Unarmed Combat | |  3.4

Action                     |  1- 3 |  4- 6 || total
---------------------------+-------+-------++-------
  Melee: Unarmed           |     8 |       ||     8
         Dagger            |    81 |    31 ||   112
         Punch             |       |     1 ||     1
  Throw: Throwing net      |     1 |       ||     1
   Stab: Sleeping          |       |     1 ||     1
 Armour: Leather armour    |    26 |     9 ||    35
  Dodge: Dodged            |    64 |    23 ||    87

Table legend: (Time is in decaauts)
 A = Elapsed time spent in this place.
 B = Non-inter-level travel time spent in this place.
 C = Inter-level travel time spent in this place.
 D = Time resting spent in this place.
 E = Time spent auto-exploring this place.
 F = Levels seen in this place.
 G = Mean time per level.
                   A        B        C        D        E       F      G
               +--------+--------+--------+--------+--------+-----+--------+
         Total |   1546 |   1414 |    132 |      0 |   1136 |   3 |  515.3 |
       Dungeon |   1546 |   1414 |    132 |      0 |   1136 |   3 |  515.3 |
               +--------+--------+--------+--------+--------+-----+--------+

Top non-repeatable levels by time:
     D:1: 778 daAuts
     D:2: 722 daAuts
     D:3: 45 daAuts
